 Dungeon Crawl Stone Soup version 0.29.1-12-g30fa7ad0bf (webtiles) character file.

Game seed: 18055050036464315067

2 DemonSlayer the Digger (level 1, -4/13 HPs)
             Began as a Demonspawn Earth Elementalist on Jan 17, 2023.
             Killed from afar by a dart slug (5 damage)
             ... with a slug dart
             ... on level 1 of the Dungeon.
             The game lasted 00:00:21 (37 turns).

DemonSlayer the Digger (DsEE)                         Turns: 37, Time: 00:00:22

Health: -4/13      AC:  2    Str:  8    XL:     1   Next: 25%
Magic:  0/3        EV: 12    Int: 16    God:
Gold:   8          SH:  0    Dex: 13    Spells: 3/4 levels left

rFire   . . .      SeeInvis .   d - +0 dagger
rCold   . . .      Faith    .   (no shield)
rNeg    . . .      Spirit   .   a - +0 robe
rPois   .          Reflect  .   (no helmet)
rElec   .          Harm     .   (no cloak)
rCorr   .          Rampage  .   (no gloves)
Will    .....                   (no boots)
Stlth   ++........              (no amulet)
HPRegen 0.04/turn               (no ring)
MPRegen 0.08/turn               (no ring)

@: no status effects
A: no striking features
a: no special abilities


You were on level 1 of the Dungeon.
You visited 1 branch of the dungeon, and saw 1 of its levels.

You collected 8 gold pieces.

Inventory:

Hand Weapons
 d - a +0 dagger (weapon)
Armour
 a - a +0 robe (worn)
Scrolls
 c - a scroll of identify {unknown}
Potions
 b - a potion of magic


   Skills:
 + Level 1.7 Dodging
 + Level 1.8 Stealth
 + Level 2.0 Spellcasting
 + Level 0.8 Transmutations
 + Level 2.8 Earth Magic


You had 3 spell levels left.
You knew the following spells:

 Your Spells              Type           Power      Damage    Failure   Level
a - Sandblast             Erth           20%        2d7       7%          1

Your spell library contained the following spells:

 Spells                   Type           Power      Damage    Failure   Level
 Passwall                 Tmut/Erth      5%         N/A       16%         2
 Stone Arrow              Conj/Erth      12%        3d7       34%         3
 Petrify                  Tmut/Erth      7%         N/A       69%         4


Dungeon Overview and Level Annotations

Branches:
Dungeon (1/15)

Altars:


Message History

The slug dart misses you.
The blast of sand hits the goblin!
You kill the goblin!
You are out of magic!
You are out of magic!
You are out of magic!
You are out of magic!
You see here a +0 dagger.
d - a +0 dagger The dart slug launches a dart at you.
The slug dart hits you. The dart slug barely misses you.
Unknown command.
d - a +0 dagger (weapon)
Setting a skill training target for Short Blades at 10.0.
You hit the dart slug. You punch the dart slug.
The dart slug is lightly wounded.
The dart slug barely misses you. The dart slug launches a dart at you.
The slug dart hits you.
* * * LOW HITPOINT WARNING * * *
Your magical contamination has completely faded away.
Unknown command.
You hit the dart slug.
The dart slug is moderately wounded.
The dart slug launches a dart at you. The slug dart misses you.
The dart slug closely misses you.
You hit the dart slug but do no damage.
The dart slug is moderately wounded.
You hit the dart slug but do no damage.
The dart slug is moderately wounded.
The dart slug launches a dart at you. The slug dart hits you.
* * * LOW HITPOINT WARNING * * *
The dart slug bites you but does no damage.
You hit the dart slug. You punch the dart slug.
The dart slug is severely wounded.
The dart slug misses you. The dart slug launches a dart at you.
The slug dart hits you.
You die...

## .. #.. #.. #######
#.# #.. .......####.####
#..
.......(.......#######..
.........##.##.#........
.....[...##.##..........
.......$....##.#........
.......@w$.....#######..
......w.................
.####..†###.#....##♣♣♣.♣
#.... #.#.#..# ♣⌠♣ #....
..#.#..♣♣♣♣♣.♣
.........#.#.....⌠.<.
#.#######.#.#..♣♣♣♣♣.♣
#. #.#.#..# ♣⌠♣ . ...#
♣.♣


You could see 2 dart slugs.

Vanquished Creatures
  A goblin (D:1)
  A rat (D:1)
2 creatures vanquished.

Notes
Turn   | Place    | Note
-------+----------+-------------------------------------------
     0 | D:1      | DemonSlayer the Demonspawn Earth Elementalist began the
                  | quest for the Orb.
     0 | D:1      | Reached XP level 1. HP: 13/13 MP: 3/3
    37 | D:1      | Killed from afar by a dart slug

Illustrated notes

Levels and vault maps discovered:
D:1:      scummos_arrival_forest, layout_loops_cross, dk_noncrumbling_4,
          supply_closet_lemuel

Action                   || total
-------------------------++-------
Melee: Dagger            ||     5
       Punch             ||     2
 Cast: Sandblast         ||     2
Armor: Robe              ||     1
Dodge: Dodged            ||     6
